[Event "Titled Tuesday Blitz March 07 Late 2023"]
[White "Harriott, Tyrell"]
[Black "Molenda, Marcin"]
[WhiteFideId "2086484"]
[BlackFideId "1173065"]
[WhiteElo "2107"]
[BlackElo "2286"]
[Result "1-0"]
[Round "06"]
[TimeControl "180+2"]
[Date "2023.03.07"]
[WhiteClock "0:00:18"]
[BlackClock "0:00:01"]

1. d4 Nf6 2. e3 d5 3. Bd3 Bg4 4. Ne2 e6 5. O-O c5 6. c3 Nc6 7. f4 Bd6 8. Nd2 O-O 9. Nf3 Ne4 10. Bxe4 dxe4 11. Ng5 Bf5 12. Ng3 cxd4 13. exd4 Be7 14. N5xe4 Bg6 15. f5 exf5 16. Nxf5 Re8 17. Qg4 Bf8 18. Neg3 Qd5 19. Bd2 b5 20. b3 Rad8 21. Rf2 Qd7 22. Raf1 b4 23. h4 bxc3 24. Bxc3 Kh8 25. h5 Bxf5 26. Nxf5 f6 27. Qh4 Qd5 28. Kh1 Re4 29. Qh3 Ne7 30. Ne3 Qc6 31. Nc4 Nd5 32. Bb2 Rde8 33. h6 g6 34. Kg1 Qc7 35. Qf3 Rh4 36. g3 Rh5 37. Rh2 Rxh2 38. Kxh2 Rd8 39. Ne3 Nxe3 40. Qxe3 Bd6 41. Rxf6 Qc2+ 42. Rf2 Qd1 43. d5+ 1-0


[Site "https://www.chess.com"]

[Event "Titled Tuesday Blitz March 07 Late 2023"]
[White "Liu, Eric"]
[Black "Rostomyan, Mikayel"]
[WhiteFideId "30960240"]
[BlackFideId "13313754"]
[WhiteElo "2094"]
[BlackElo "2009"]
[Result "0-1"]
[Round "06"]
[TimeControl "180+2"]
[Date "2023.03.07"]
[WhiteClock "0:01:46"]
[BlackClock "0:00:31"]

1. d4 Nf6 2. h4 d5 3. a4 c5 4. e3 Nc6 5. Nf3 cxd4 6. exd4 Bg4 7. Be2 e6 8. c3 Bd6 9. Ne5 Bxe2 10. Qxe2 Bxe5 11. dxe5 Ne4 12. Nd2 Nxd2 13. Bxd2 Qc7 14. Bf4 d4 15. cxd4 Nxd4 16. Qd3 Nc2+ 17. Ke2 Nxa1 18. Rxa1 Rd8 19. Qg3 Qc2+ 20. Ke1 O-O 21. Rc1 Qe4+ 22. Kf1 Rc8 23. Re1 Qg6 24. Qf3 b6 25. h5 Qf5 26. g4 Qc2 27. h6 Qc6 28. Qh3 Qc4+ 29. Kg1 Qxf4 30. hxg7 Kxg7 31. Re3 Rc4 32. Rg3 Rd8 33. g5 Rd1+ 34. Kg2 Qe4+ 35. Rf3 Qg4+ 36. Qxg4 Rxg4+ 0-1


[Site "https://www.chess.com"]

[Event "Titled Tuesday Blitz March 07 Late 2023"]
[White "Romero Ruscalleda, Josep"]
[Black "Kleiman, Jake"]
[WhiteFideId "2231859"]
[BlackFideId "2020041"]
[WhiteElo "2183"]
[BlackElo "2489"]
[Result "0-1"]
[Round "06"]
[TimeControl "180+2"]
[Date "2023.03.07"]
[WhiteClock "0:00:56"]
[BlackClock "0:01:28"]

1. e4 e5 2. Nf3 Nc6 3. Bc4 Bc5 4. c3 Nf6 5. d4 exd4 6. e5 d5 7. Bb5 Ne4 8. cxd4 Bb6 9. O-O O-O 10. Nc3 Bg4 11. Bxc6 bxc6 12. Be3 Nxc3 13. bxc3 f6 14. exf6 Qxf6 15. Re1 Rae8 16. a4 Ba5 17. Qd3 Bxf3 18. gxf3 Qxf3 19. Rad1 Re4 20. Kf1 Rfe8 21. Rd2 R8e6 22. Rb2 Qh1+ 23. Ke2 Rxe3+ 24. Qxe3 Rxe3+ 25. fxe3 Qg2+ 26. Kd3 Qxb2 0-1


[Site "https://www.chess.com"]

[Event "Titled Tuesday Blitz March 07 Late 2023"]
[White "Kalajzic, Ivan"]
[Black "Zampronha, Wladimir Camilo"]
[WhiteFideId "14506378"]
[BlackFideId "2103087"]
[WhiteElo "2203"]
[BlackElo "2176"]
[Result "0-1"]
[Round "06"]
[TimeControl "180+2"]
[Date "2023.03.07"]
[WhiteClock "0:00:13"]
[BlackClock "0:00:07"]

1. b3 e5 2. Bb2 Nc6 3. e3 d5 4. Bb5 Bd6 5. f4 Qh4+ 6. g3 Qe7 7. Nf3 f6 8. Qe2 e4 9. Nd4 Bd7 10. Nxc6 bxc6 11. Ba4 Nh6 12. h3 Nf5 13. Qf2 h5 14. Nc3 h4 15. g4 Ng3 16. Rg1 f5 17. g5 Ba3 18. O-O-O Bxb2+ 19. Kxb2 Rb8 20. a3 Kf7 21. Ne2 Nxe2 22. Qxe2 g6 23. Ka2 c5 24. Bxd7 Qxd7 25. d3 Qb5 26. Qd2 exd3 27. Qc3 d4 28. exd4 dxc2 29. Qxc2 Rhe8 30. Rge1 Rxe1 31. Rxe1 cxd4 32. Qxc7+ Kg8 33. Qc4+ Qxc4 34. bxc4 Kf7 35. Rd1 Rd8 36. Kb3 Ke6 37. Re1+ Kd6 38. Re5 Kc6 39. Kc2 d3+ 40. Kd2 Rd4 41. Re6+ Kc5 42. Rxg6 Kxc4 43. Rc6+ Kd5 44. Rc8 Rxf4 45. Kxd3 Rf3+ 46. Kc2 Rxh3 47. g6 Rg3 48. Rg8 h3 49. g7 h2 50. Rh8 Rxg7 51. Rxh2 Ke4 52. Re2+ Kf3 53. Re5 f4 54. Kd3 Kf2 55. Ke4 f3 56. Rf5 Ke2 57. Kd4 f2 58. Re5+ Kd2 59. Rf5 Ke1 60. Re5+ Kf1 61. Kc5 Kg1 62. Rf5 f1=Q 63. Rxf1+ Kxf1 64. a4 Ke2 65. Kb5 Kd3 66. a5 Kd4 67. Ka6 Kd5 68. Kb5 Rg6 69. a6 Rh6 70. Ka5 Kc5 71. Ka4 Rh3 72. Ka5 Ra3# 0-1


[Site "https://www.chess.com"]

[Event "Titled Tuesday Blitz March 07 Late 2023"]
[White "Topalov, Aleksandar"]
[Black "Ashraf, Artin"]
[WhiteFideId "925659"]
[BlackFideId "22514805"]
[WhiteElo "2151"]
[BlackElo "2188"]
[Result "0-1"]
[Round "06"]
[TimeControl "180+2"]
[Date "2023.03.07"]
[WhiteClock "0:01:37"]
[BlackClock "0:01:40"]

1. b3 d5 2. Bb2 Nc6 3. e3 e5 4. Bb5 Ne7 5. Bxe5 a6 6. Bxc6+ Nxc6 7. Bg3 h5 8. h3 h4 9. Bh2 Qg5 10. Kf1 Qg6 11. Bxc7 Nb4 12. d3 Qc6 13. c3 Qxc7 14. cxb4 Bxb4 15. a3 Bd6 16. Nf3 Bf5 17. Ra2 Rc8 18. Ke2 Bg6 19. Nd4 O-O 20. Rc2 Bh5+ 21. f3 Qe7 22. Rxc8 Rxc8 23. Nf5 Qg5 0-1


[Site "https://www.chess.com"]

[Event "Titled Tuesday Blitz March 07 Late 2023"]
[White "Hjartarson, Johann"]
[Black "Miszler, Levente"]
[WhiteFideId "2300044"]
[BlackFideId "763276"]
[WhiteElo "2416"]
[BlackElo "2176"]
[Result "1-0"]
[Round "06"]
[TimeControl "180+2"]
[Date "2023.03.07"]
[WhiteClock "0:01:38"]
[BlackClock "0:00:52"]

1. d4 Nf6 2. c4 e6 3. Nf3 b6 4. g3 Bb7 5. Bg2 Be7 6. O-O O-O 7. Re1 Ne4 8. d5 exd5 9. cxd5 Bc5 10. e3 c6 11. Nc3 cxd5 12. Nxd5 Nc6 13. a3 Ng5 14. b4 Nxf3+ 15. Qxf3 Bd6 16. Bb2 Ne5 17. Qe4 f5 18. Qd4 Rc8 19. Rac1 Bc6 20. f4 Re8 21. fxe5 Bxe5 22. Qd2 Bxb2 23. Qxb2 Qg5 24. Qd4 Re6 25. b5 Bb7 26. Rxc8+ Bxc8 27. Rc1 1-0


[Site "https://www.chess.com"]

[Event "Titled Tuesday Blitz March 07 Late 2023"]
[White "Pfreundt, Jakob"]
[Black "Hajiyev, Kanan"]
[WhiteFideId "12918156"]
[BlackFideId "13404148"]
[WhiteElo "2318"]
[BlackElo "2103"]
[Result "1-0"]
[Round "06"]
[TimeControl "180+2"]
[Date "2023.03.07"]
[WhiteClock "0:00:04"]
[BlackClock "0:00:09"]

1. Nf3 Nf6 2. g3 g6 3. Bg2 Bg7 4. O-O O-O 5. d4 d5 6. c3 c5 7. dxc5 Na6 8. b4 Ne4 9. Nd4 e5 10. Nb5 f5 11. Nd2 Nc7 12. Nxe4 Nxb5 13. a4 dxe4 14. axb5 Be6 15. Qxd8 Rfxd8 16. Bg5 Rdc8 17. Rfd1 h6 18. Be3 g5 19. Bh3 Kf7 20. f3 f4 21. Bxe6+ Kxe6 22. Rd6+ Ke7 23. Bd2 e3 24. Be1 b6 25. Rad1 bxc5 26. Rd7+ Kf8 27. c4 Kg8 28. Rb7 cxb4 29. Rdd7 Bf8 30. Rdc7 b3 31. Bc3 Rxc7 32. Rxc7 Bd6 33. Rd7 Bb4 34. Bxe5 a5 35. b6 a4 36. b7 Re8 37. b8=Q Rxb8 38. Bxb8 b2 39. Rd1 a3 40. Be5 Kf7 41. gxf4 Ke6 42. Bxb2 axb2 43. Rb1 Bc3 44. fxg5 hxg5 45. f4 gxf4 46. Kg2 Ke5 47. Kf3 Kd4 48. Kxf4 Kxc4 49. Kxe3 Kb3 50. Kd3 Bf6 51. e4 Be7 52. e5 Bh4 53. e6 Be7 54. h3 Bh4 55. Rf1 Be7 56. Rh1 Bh4 57. Rg1 Be7 58. Rd1 Bh4 59. Rf1 Be7 60. Re1 Bh4 61. Rb1 Be7 62. Kd2 Bh4 63. Kd1 Be7 64. Ke2 Bh4 65. Kf3 Be7 66. Kg4 Kc2 67. Rxb2+ Kxb2 68. h4 Kc3 69. h5 Kd4 70. Kf5 Kd5 71. h6 Bf8 72. h7 Bg7 73. e7 Kd6 74. e8=Q 1-0


[Site "https://www.chess.com"]

[Event "Titled Tuesday Blitz March 07 Late 2023"]
[White "Meunier-Pion, Jean"]
[Black "Sai Han Thiha"]
[WhiteFideId "20685327"]
[BlackFideId "13012290"]
[WhiteElo "2124"]
[BlackElo "1954"]
[Result "0-1"]
[Round "06"]
[TimeControl "180+2"]
[Date "2023.03.07"]
[WhiteClock "0:00:02"]
[BlackClock "0:00:05"]

1. e4 c6 2. d4 d5 3. e5 c5 4. dxc5 e6 5. a3 Bxc5 6. b4 Be7 7. Bb2 f6 8. Nf3 Nd7 9. Bd3 fxe5 10. Nxe5 Nxe5 11. Bxe5 Nf6 12. O-O O-O 13. c4 a5 14. cxd5 Qxd5 15. Qe2 axb4 16. Rd1 Qc6 17. Bb5 Qb6 18. a4 Nd5 19. Nd2 Rxf2 20. Nc4 Rxe2+ 21. Nxb6 Nxb6 22. Bxe2 Rxa4 23. Bd4 Rxa1 24. Rxa1 Bf6 25. Bxf6 gxf6 26. Rc1 Bd7 27. Bf3 b3 28. Rb1 Ba4 29. Bxb7 Nc4 30. Be4 Nd2 31. Re1 b2 32. Bb1 f5 33. Kf2 Bc6 34. g3 Be4 35. Bxe4 fxe4 36. Ke3 b1=Q 37. Rxb1 Nxb1 38. Kxe4 Kf7 39. g4 Nc3+ 40. Ke5 Nd5 41. h4 Ne3 42. g5 Ng4+ 43. Kf4 Nf2 44. Kg3 Nd3 45. h5 Nc5 46. Kf4 Nd7 47. Ke4 Ke7 48. Kf4 Kf7 49. Ke4 Nb6 50. Ke5 Nc4+ 51. Ke4 Nd6+ 52. Ke5 Nf5 53. Kf4 Ng7 54. Kg4 Ke7 55. h6 Nf5 56. Kh5 Kf7 0-1


[Site "https://www.chess.com"]

[Event "Titled Tuesday Blitz March 07 Late 2023"]
[White "Guzman Moneo, Alberto"]
[Black "Petukhov, Dmitry"]
[WhiteFideId "2209616"]
[BlackFideId "4142748"]
[WhiteElo "2157"]
[BlackElo "2311"]
[Result "1-0"]
[Round "06"]
[TimeControl "180+2"]
[Date "2023.03.07"]
[WhiteClock "0:01:22"]
[BlackClock "0:01:01"]

1. e4 c5 2. Nc3 Nc6 3. Bb5 d6 4. f4 Bd7 5. Nf3 a6 6. Bxc6 Bxc6 7. O-O e6 8. d3 Nf6 9. Qe1 Be7 10. Qg3 O-O 11. f5 exf5 12. exf5 d5 13. Bh6 Nh5 14. Qg4 Qd6 15. Qxh5 Qxh6 16. Qxh6 gxh6 17. Ne5 Bf6 18. Rfe1 d4 19. Nxc6 dxc3 20. Ne7+ Kg7 21. b3 Rad8 22. Re4 Rd7 23. Rae1 Rfd8 24. Rg4+ Kf8 25. Rg8# 1-0


[Site "https://www.chess.com"]

[Event "Titled Tuesday Blitz March 07 Late 2023"]
[White "ArtemDyachuk"]
[Black "Averjanov, Alexey"]
[BlackFideId "14109867"]
[WhiteElo "2389"]
[BlackElo "2584"]
[Result "0-1"]
[Round "06"]
[TimeControl "180+2"]
[Date "2023.03.07"]
[WhiteClock "0:00:13"]
[BlackClock "0:00:41"]

1. d4 d5 2. Nf3 Nf6 3. c4 dxc4 4. Nc3 a6 5. a4 Nc6 6. e3 Na5 7. Ne5 Be6 8. f4 g6 9. g3 c5 10. Bg2 cxd4 11. exd4 Qc7 12. O-O Rd8 13. d5 Nxd5 14. Qe1 Nb4 15. Rb1 Bg7 16. Qf2 O-O 17. Be3 Nd3 18. Bb6 Qb8 19. Qe3 Nxe5 20. fxe5 Rd3 0-1


[Site "https://www.chess.com"]

[Event "Titled Tuesday Blitz March 07 Late 2023"]
[White "Poliakova, Varvara"]
[Black "Senft, Sean"]
[WhiteFideId "13518313"]
[BlackFideId "2044960"]
[WhiteElo "2075"]
[BlackElo "1989"]
[Result "1-0"]
[Round "06"]
[TimeControl "180+2"]
[Date "2023.03.07"]
[WhiteClock "0:01:05"]
[BlackClock "0:00:04"]

1. e4 e5 2. Nf3 Nc6 3. d4 exd4 4. Bc4 Nf6 5. O-O d6 6. Nxd4 Be7 7. Nc3 O-O 8. Re1 Nd7 9. Be3 Bf6 10. Nd5 Nde5 11. Be2 Kh8 12. f4 Nxd4 13. Bxd4 Nc6 14. Bxf6 gxf6 15. Qd3 Be6 16. Qc3 Bxd5 17. exd5 Nb8 18. Bd3 Nd7 19. Re3 Rg8 20. Rh3 Rg7 21. Re1 Qg8 22. Be4 Re8 23. Rhe3 Nb6 24. Qxf6 Nd7 25. Qc3 f6 26. Bf3 Rxe3 27. Qxe3 Rf7 28. Qe8 Kg7 29. Qe6 Nc5 30. Qg4+ Kh8 31. Qxg8+ Kxg8 32. Bh5 Rf8 33. Re7 Rc8 34. b4 Na4 35. Bg4 Rb8 36. Rxc7 b5 37. Be6+ Kf8 38. Rxa7 Nc3 39. Rxh7 Rd8 40. h4 Nxa2 41. h5 Nxb4 42. h6 Nxc2 43. Rh8+ Ke7 44. Rxd8 Kxd8 45. h7 1-0


[Site "https://www.chess.com"]

[Event "Titled Tuesday Blitz March 07 Late 2023"]
[White "Carrasco Miranda, Andres"]
[Black "Musovic, Armin"]
[WhiteFideId "3405990"]
[BlackFideId "939935"]
[WhiteElo "2183"]
[BlackElo "2321"]
[Result "0-1"]
[Round "06"]
[TimeControl "180+2"]
[Date "2023.03.07"]
[WhiteClock "0:00:09"]
[BlackClock "0:01:19"]

1. d4 d5 2. c4 c5 3. cxd5 Nf6 4. Nf3 cxd4 5. Nxd4 Nxd5 6. Nb5 Qa5+ 7. N1c3 Nxc3 8. Nxc3 Nc6 9. g3 g6 10. Bg2 Bg7 11. O-O O-O 12. Be3 Rd8 13. Qc1 Bg4 14. Bf3 Bh3 15. Rd1 Nd4 16. Bxd4 Rxd4 17. Rxd4 Bxd4 18. Bxb7 Bxf2+ 19. Kxf2 Qb6+ 20. Qe3 Qxb7 21. Qf3 Qb6+ 22. Qe3 Qxb2 23. Rb1 Qa3 24. Nd5 Qxe3+ 25. Kxe3 Kf8 26. Nf4 Bf5 27. Rb7 a5 28. a3 a4 29. Nd5 Rd8 30. Nb6 Rd1 31. Nxa4 Ra1 32. Rb3 Bc2 33. Rb8+ Kg7 34. Nc3 Rxa3 35. Kd4 e5+ 36. Kc4 Bf5 37. Rb7 Be6+ 38. Kd3 Kh6 39. Rc7 f5 40. e3 Ra1 41. Nb5 Rd1+ 42. Ke2 Rh1 43. Nd6 Rxh2+ 44. Kf3 Bd5+ 45. e4 fxe4+ 46. Ke3 Rg2 47. Ne8 Rxg3+ 48. Ke2 Be6 49. Nf6 Bg4+ 50. Ke1 Bf3 51. Nxh7 Rg1+ 52. Kf2 Rg2+ 53. Kf1 e3 54. Nf6 Rf2+ 55. Ke1 Kg5 56. Nh7+ Kg4 57. Rc4+ e4 58. Nf6+ Kf5 59. Nd5 Ke5 60. Nxe3 Re2+ 61. Kf1 Rxe3 62. Ra4 Re2 63. Ra3 Kf4 64. Ra8 Kg3 65. Rg8 Rf2+ 66. Kg1 Rg2+ 67. Kf1 Kf4 68. Rf8+ Ke3 69. Ra8 Rd2 70. Ra3+ Rd3 71. Ra1 Rd1+ 72. Rxd1 Bxd1 73. Ke1 Bb3 74. Kf1 Bf7 75. Kg2 Be8 76. Kg3 Kd2 77. Kg4 e3 78. Kg5 e2 79. Kf6 Bd7 80. Ke7 Bf5 81. Kd6 e1=Q 82. Kc5 g5 0-1


[Site "https://www.chess.com"]

[Event "Titled Tuesday Blitz March 07 Late 2023"]
[White "Danielian, Vardan"]
[Black "Rios Escobar, Adan"]
[WhiteFideId "13301594"]
[BlackFideId "3403645"]
[WhiteElo "2553"]
[BlackElo "2376"]
[Result "1-0"]
[Round "06"]
[TimeControl "180+2"]
[Date "2023.03.07"]
[WhiteClock "0:00:07"]
[BlackClock "0:00:01"]

1. d4 Nf6 2. Nf3 g6 3. c4 Bg7 4. Nc3 O-O 5. g3 d5 6. cxd5 Nxd5 7. Bg2 Nxc3 8. bxc3 c5 9. O-O Nc6 10. d5 Bxc3 11. Bh6 Bxa1 12. Qxa1 Nd4 13. Nxd4 cxd4 14. Qxd4 e5 15. Qxe5 f6 16. Qd4 Rf7 17. e4 Bd7 18. h4 Qe7 19. Rb1 b6 20. Re1 Rc8 21. Kh2 Qc5 22. Qd2 Qc2 23. Qf4 Qxa2 24. Kg1 Qb2 25. Qe3 Qc3 26. Qe2 a5 27. Rc1 Qe5 28. Rxc8+ Bxc8 29. Bf4 Qe7 30. d6 Qd7 31. e5 fxe5 32. Bxe5 Bb7 33. Bxb7 Qxb7 34. Qb5 Qd7 35. Qxb6 Qf5 36. Bf4 h6 37. Qd8+ Kh7 38. Qa8 g5 39. hxg5 hxg5 40. Be3 a4 41. Qh1+ Kg6 42. Qh8 a3 43. Qa1 Qd3 44. Qh8 Qf5 45. Qg8+ Rg7 46. Qb3 Qa5 47. Qc2+ Kh6 48. Bd4 1-0


[Site "https://www.chess.com"]

[Event "Titled Tuesday Blitz March 07 Late 2023"]
[White "Rego, Pedro Filipe"]
[Black "Almeida Quintana, Omar"]
[WhiteFideId "1904310"]
[BlackFideId "3503313"]
[WhiteElo "2193"]
[BlackElo "2530"]
[Result "0-1"]
[Round "06"]
[TimeControl "180+2"]
[Date "2023.03.07"]
[WhiteClock "0:01:06"]
[BlackClock "0:02:05"]

1. d4 g6 2. e4 Bg7 3. Nf3 d6 4. Bd3 Nf6 5. c3 O-O 6. O-O Nc6 7. h3 e5 8. Be3 Nd7 9. Nbd2 h6 10. dxe5 Ndxe5 11. Nxe5 Nxe5 12. Be2 f5 13. exf5 Bxf5 14. Nc4 Nxc4 15. Bxc4+ Kh8 16. Qd2 Qh4 17. Bd3 Bxh3 18. gxh3 Rf3 19. Rfe1 Rxh3 20. Bf4 Rh1+ 21. Kg2 Qh3# 0-1


[Site "https://www.chess.com"]

[Event "Titled Tuesday Blitz March 07 Late 2023"]
[White "Needleman, Gaston"]
[Black "Paszewski, Mateusz"]
[WhiteFideId "113735"]
[BlackFideId "1141058"]
[WhiteElo "2366"]
[BlackElo "2223"]
[Result "0-1"]
[Round "06"]
[TimeControl "180+2"]
[Date "2023.03.07"]
[WhiteClock "0:00:14"]
[BlackClock "0:00:12"]

1. d4 d5 2. Nf3 Nf6 3. Bf4 c5 4. e3 Nc6 5. c3 Qb6 6. Qb3 c4 7. Qc2 Bf5 8. Qc1 e6 9. Nbd2 Be7 10. Be2 h6 11. O-O O-O 12. h3 Rfc8 13. g4 Bh7 14. g5 hxg5 15. Nxg5 Bg6 16. Kh1 Nh5 17. Rg1 Nxf4 18. exf4 Bf5 19. Bg4 Bxg5 20. fxg5 Bg6 21. Nf3 Qc7 22. Qe3 Be4 23. Rg3 g6 24. Kh2 Kg7 25. Ne5 Nxe5 26. dxe5 Rh8 27. Qf4 Qe7 28. f3 Bf5 29. Bxf5 exf5 30. e6 fxe6 31. Qe5+ Kf7 32. Re1 Rh4 33. f4 Re8 34. Rge3 b5 35. Kg2 a5 36. Qd4 Qd8 37. Re5 b4 38. Qf2 Rh5 39. R1e3 bxc3 40. bxc3 Qb6 41. Qe1 Re7 42. Kg1 d4 43. cxd4 Qxd4 44. Qf2 Rxh3 45. Kg2 Rxe3 46. Rxe3 c3 47. Re2 Qxf2+ 48. Kxf2 Rc7 49. Rc2 e5 50. Kf3 e4+ 51. Ke3 Ke6 52. Kd4 Kd6 53. Rc1 c2 54. Ke3 Kd5 55. Kd2 Kd4 56. a3 a4 57. Rxc2 e3+ 58. Kd1 Rxc2 59. Kxc2 Ke4 60. Kc3 Kxf4 61. Kd3 Kf3 0-1


[Site "https://www.chess.com"]

[Event "Titled Tuesday Blitz March 07 Late 2023"]
[White "Klose, Eli"]
[Black "Nunez V, Gustavo Eduardo"]
[WhiteFideId "16242955"]
[BlackFideId "4403690"]
[WhiteElo "2532"]
[BlackElo "2228"]
[Result "1/2-1/2"]
[Round "06"]
[TimeControl "180+2"]
[Date "2023.03.07"]
[WhiteClock "0:00:07"]
[BlackClock "0:00:16"]

1. d4 Nf6 2. Nf3 g6 3. g3 Bg7 4. Bg2 d6 5. c4 O-O 6. O-O Nbd7 7. Qc2 e5 8. Nc3 c6 9. Rd1 Qc7 10. b3 exd4 11. Nxd4 Nc5 12. Bf4 Re8 13. a3 a5 14. Ndb5 cxb5 15. Nxb5 Qb6 16. Rxd6 Bf5 17. Qxf5 Qxb5 18. cxb5 gxf5 19. Rb1 Rad8 20. Rxd8 Rxd8 21. Bc7 Rd2 22. Bxa5 Rxe2 23. Rc1 Nxb3 24. Rc8+ Re8 25. Rxe8+ Nxe8 26. Bb4 b6 27. a4 Bd4 28. Bf1 Bc5 29. Bc3 Nd6 30. Bd3 Ne4 31. Be1 Nd4 32. Kg2 Kg7 33. a5 bxa5 34. Bxa5 Nb3 35. Be1 Kf6 36. f3 Nd6 37. Bc3+ Bd4 38. Bb4 Ke5 39. Bxd6+ Kxd6 40. Bxf5 h6 41. Kh3 Nd2 42. Kg4 Ke5 43. h4 Nxf3 44. Bd3 Ne1 45. Be2 Kf6 46. Kh5 Kg7 47. Kg4 Nc2 48. Kf5 Bf2 49. Kf4 Bb6 50. g4 Nd4 51. Bd3 Kf6 52. g5+ hxg5+ 53. hxg5+ Kg7 54. Bc4 Bc7+ 55. Kg4 Ne6 56. Kf5 Nc5 57. Kg4 Kg6 58. Kf3 Nd7 59. Ke3 Ne5 60. Bd5 Kxg5 61. Bxf7 Nxf7 62. Ke4 Nd6+ 63. Kd5 Nxb5 64. Kc6 Nc3 65. Kxc7 1/2-1/2


[Site "https://www.chess.com"]

[Event "Titled Tuesday Blitz March 07 Late 2023"]
[White "Needleman, Alejandro"]
[Black "Dragomirescu, Angela"]
[WhiteFideId "100730"]
[BlackFideId "1209914"]
[WhiteElo "2230"]
[BlackElo "2171"]
[Result "0-1"]
[Round "06"]
[TimeControl "180+2"]
[Date "2023.03.07"]
[WhiteClock "0:00:45"]
[BlackClock "0:00:21"]

1. e4 e5 2. Nf3 Nc6 3. Bb5 a6 4. Ba4 Bc5 5. O-O Nge7 6. c3 Ba7 7. d4 Ng6 8. Bxc6 dxc6 9. dxe5 Qxd1 10. Rxd1 Bg4 11. e6 Bxe6 12. Nd4 Bg4 13. Re1 O-O-O 14. Be3 Rhe8 15. Nd2 Ne5 16. f3 Bd7 17. N2b3 c5 18. Nc2 b6 19. Rad1 a5 20. Nc1 Bb8 21. b3 a4 22. Nd3 Nxd3 23. Rxd3 Bb5 24. Rxd8+ Rxd8 25. c4 axb3 26. axb3 Be8 27. Bc1 c6 28. g3 b5 29. Kf2 f6 30. Ke2 Bf7 31. Ne3 Be5 32. Rd1 Bd4 33. Nf5 bxc4 34. Nxd4 cxd4 35. bxc4 Bxc4+ 36. Kd2 c5 37. Ba3 Bb3 38. Rc1 c4 39. f4 Kb7 40. e5 fxe5 41. fxe5 Ra8 42. Bc5 Ra2+ 43. Ke1 d3 44. Be3 Re2+ 45. Kf1 Rxe3 46. Re1 Rxe1+ 47. Kxe1 c3 48. e6 d2+ 49. Kf2 d1=Q 0-1


[Site "https://www.chess.com"]

[Event "Titled Tuesday Blitz March 07 Late 2023"]
[White "Kaplan, Avi Harrison"]
[Black "Bogaudinov, Rushan"]
[WhiteFideId "30934559"]
[BlackFideId "4129288"]
[WhiteElo "1983"]
[BlackElo "1949"]
[Result "0-1"]
[Round "06"]
[TimeControl "180+2"]
[Date "2023.03.07"]
[WhiteClock "0:00:04"]
[BlackClock "0:00:35"]

1. Nf3 d5 2. a3 g6 3. e3 Bg7 4. d4 Nf6 5. Be2 O-O 6. O-O b6 7. b4 c5 8. bxc5 bxc5 9. c3 Ba6 10. Bxa6 Nxa6 11. Qa4 Qb6 12. Nbd2 c4 13. Rb1 Qd6 14. e4 Nxe4 15. Nxe4 dxe4 16. Nd2 Nc7 17. Nxe4 Qd5 18. Nd2 Rfc8 19. Nxc4 Ne6 20. Ne3 Qe4 21. Bd2 Nf4 22. Qc2 Qxc2 23. Nxc2 Ne2+ 24. Kh1 Nxc3 25. Be3 Nxb1 26. Nb4 Nxa3 27. Nd5 Bf6 28. h4 Bxh4 29. g3 Bf6 30. Kg2 Nc2 31. g4 Nxe3+ 32. fxe3 Rd8 33. Nc3 a5 34. g5 Bxg5 35. d5 a4 36. d6 Rxd6 37. Ne4 Rd5 38. Nxg5 Rxg5+ 39. Kh2 a3 40. e4 a2 41. e5 a1=Q 42. e6 Ra2+ 43. Kh3 Qxf1+ 44. Kh4 Qf4+ 45. Kh3 Rh5# 0-1


[Site "https://www.chess.com"]

[Event "Titled Tuesday Blitz March 07 Late 2023"]
[White "Romkachess"]
[Black "Rian, Kapriaga"]
[BlackFideId "7103263"]
[WhiteElo "2497"]
[BlackElo "2360"]
[Result "0-1"]
[Round "06"]
[TimeControl "180+2"]
[Date "2023.03.07"]
[WhiteClock "0:00:02"]
[BlackClock "0:00:53"]

1. e4 c6 2. d4 d5 3. Nc3 dxe4 4. Nxe4 Bf5 5. Ng3 Bg6 6. Bc4 e6 7. N1e2 h6 8. Nf4 Bh7 9. c3 Bd6 10. Ngh5 Bf8 11. Be3 Nf6 12. Qe2 Nxh5 13. Nxh5 Nd7 14. O-O-O Nf6 15. Nf4 Bd6 16. g4 Qc7 17. Nd3 b5 18. Bb3 Nd5 19. Bd2 a5 20. Ne5 a4 21. Bxd5 cxd5 22. Qxb5+ Ke7 23. Bf4 Rhc8 24. Rhe1 a3 25. Re3 axb2+ 26. Kd2 Rxa2 27. Rb1 Bxb1 28. Nxf7 Kxf7 29. Bxd6 Qxd6 30. Rf3+ Kg8 31. Qb7 Qc7 32. Qb4 Be4 0-1


[Site "https://www.chess.com"]

[Event "Titled Tuesday Blitz March 07 Late 2023"]
[White "Poeta, Caio Medeiros"]
[Black "Kujawski, Adam"]
[WhiteFideId "2142660"]
[BlackFideId "1100920"]
[WhiteElo "2191"]
[BlackElo "2054"]
[Result "1-0"]
[Round "06"]
[TimeControl "180+2"]
[Date "2023.03.07"]
[WhiteClock "0:01:21"]
[BlackClock "0:00:03"]

1. d4 Nf6 2. c4 e6 3. g3 c5 4. Nf3 cxd4 5. Nxd4 d5 6. Bg2 e5 7. Nf3 d4 8. O-O Nc6 9. e3 Be7 10. exd4 exd4 11. b3 O-O 12. Bb2 Bg4 13. Nbd2 Bb4 14. a3 Bc3 15. Qc2 Bxb2 16. Qxb2 Qd6 17. b4 Rad8 18. c5 Qd5 19. h3 Be6 20. Rfd1 Qh5 21. g4 Nxg4 22. hxg4 Bxg4 23. Re1 Bh3 24. Nf1 Bxg2 25. Kxg2 Rd5 26. Ng3 Qg6 27. Nh4 Qg4 28. Re4 Qd7 29. Rae1 f5 30. Ngxf5 Rdxf5 31. Nxf5 Qxf5 32. Qb3+ Kh8 33. Qg3 h6 34. Re8 Kh7 35. Rxf8 Qxf8 36. Qd3+ g6 37. b5 1-0


[Site "https://www.chess.com"]

[Event "Titled Tuesday Blitz March 07 Late 2023"]
[White "Womacka, Mathias"]
[Black "Balague Camps, Marc"]
[WhiteFideId "4611390"]
[BlackFideId "2297914"]
[WhiteElo "2377"]
[BlackElo "2089"]
[Result "1-0"]
[Round "06"]
[TimeControl "180+2"]
[Date "2023.03.07"]
[WhiteClock "0:00:17"]
[BlackClock "0:00:32"]

1. e4 c5 2. Nf3 e6 3. d4 cxd4 4. Nxd4 Nc6 5. Nc3 Qc7 6. Be3 a6 7. Bd3 b5 8. Nxc6 Qxc6 9. e5 Qc7 10. Be4 Bb7 11. Qf3 Bxe4 12. Nxe4 Rc8 13. O-O Qxe5 14. Bf4 Qf5 15. Qe3 d5 16. Nd6+ Bxd6 17. Bxd6 Kd7 18. Ba3 Rc7 19. Qb6 Qf4 20. g3 Qc4 21. Qd6+ Kc8 22. Qf8+ Kb7 23. Qxg7 b4 24. Qxh8 Ne7 25. b3 Qg4 26. Bb2 Ng6 27. Qd4 Qh3 28. Qxb4+ Ka8 29. Rac1 Rb7 30. Qd4 Rb5 31. c4 e5 32. Qe3 d4 33. Qe4+ Ka7 34. cxb5 f5 35. Rc7+ Kb6 36. Qb7+ Ka5 37. Qxa6+ Kb4 38. Qa4# 1-0


[Site "https://www.chess.com"]

[Event "Titled Tuesday Blitz March 07 Late 2023"]
[White "Erzhanov, Arman"]
[Black "Szente Varga, Fruzsina"]
[WhiteFideId "4138821"]
[BlackFideId "712264"]
[WhiteElo "2138"]
[BlackElo "1994"]
[Result "1-0"]
[Round "06"]
[TimeControl "180+2"]
[Date "2023.03.07"]
[WhiteClock "0:00:40"]
[BlackClock "0:00:12"]

1. e4 e5 2. Nf3 Nc6 3. Bb5 a6 4. Bxc6 dxc6 5. O-O f6 6. d4 Bg4 7. dxe5 Qxd1 8. Rxd1 Bxf3 9. Rd3 Bxe4 10. Re3 Bxc2 11. exf6+ Kf7 12. fxg7 Bxg7 13. Nc3 Bxc3 14. Rxc3 Bg6 15. Rf3+ Ke6 16. Bf4 Re8 17. Re1+ Kd7 18. Rxe8 Kxe8 19. Be5 Nf6 20. Rxf6 Rg8 21. Bxc7 Kd7 22. Bb6 Re8 23. Be3 Re4 24. Rf4 Re5 25. Rd4+ Ke6 26. Kf1 Rb5 27. Rd2 Bb1 28. a3 Rh5 29. h3 Be4 30. f3 Bd5 31. Kf2 Rf5 32. b4 Rf7 33. h4 h5 34. Bd4 Rf4 35. Kg3 Rf7 36. Re2+ Kd6 37. Bc5+ Kd7 38. Re5 Rg7+ 39. Rg5 Rh7 40. Kf4 Ke6 41. Rg6+ Kf7 42. Kg5 Bc4 43. Rf6+ Ke8 44. Rf8+ Kd7 45. Rf6 Kc7 46. Rh6 Rg7+ 47. Rg6 Rh7 48. Bd4 Bf1 49. g4 hxg4 50. fxg4 Bd3 51. Rg7+ Kd6 52. Rxh7 Bxh7 53. Kf6 b5 54. g5 Kd5 55. Bc5 a5 56. g6 Bg8 57. h5 axb4 58. axb4 Ke4 59. h6 1-0


[Site "https://www.chess.com"]

[Event "Titled Tuesday Blitz March 07 Late 2023"]
[White "Kozin, Yuri"]
[Black "Paspuel, Trosky"]
[WhiteFideId "4129920"]
[BlackFideId "3602150"]
[WhiteElo "2479"]
[BlackElo "2336"]
[Result "1-0"]
[Round "06"]
[TimeControl "180+2"]
[Date "2023.03.07"]
[WhiteClock "0:01:49"]
[BlackClock "0:01:13"]

1. e4 c6 2. d4 d5 3. exd5 cxd5 4. c4 Nf6 5. Nc3 e6 6. Nf3 Bb4 7. cxd5 Nxd5 8. Bd2 Nc6 9. Bd3 O-O 10. O-O Be7 11. a3 Bf6 12. Be3 b6 13. Nxd5 Qxd5 14. Qc2 g6 15. Be4 Qxe4 16. Qxe4 Bb7 17. Bh6 Rfd8 18. Qf4 Bh8 19. Rfd1 Rd7 20. Ne5 Re7 21. Bg5 f6 22. Nxc6 Bxc6 23. Qd6 1-0


[Site "https://www.chess.com"]